AoeStats
← danjo

Marketplace

504412707Analyzed
1v1 RM · 28d ago on Sep 5, 2026· 37m 48s· 2 players
Game mode
Random Map
Map size
Tiny (2 player)
Population
200
Speed
Normal
Resources
Standard
Victory
Conquest
Starting age
Dark Age
Ending age
Imperial Age
RankedLock teamsTeams togetherTeam positionsShared explorationLock speedFull tech treeHidden civsTurbo modeCheats
Victory
Defeat
🇹🇼 Mongols · Taiwan
1097
+15
🇩🇪 Gurjaras · Germany
1067
-15
larryluo72
4:55 Loom
8:41 Feudal Age
10:30 Double-Bit Axe
10:55 Horse Collar
16:51 Wheelbarrow
22:34 Castle Age
23:32 Bow Saw
23:52 Husbandry
26:36 Bloodlines
26:41 Scale Barding Armor
27:44 Forging
29:56 Chain Barding Armor
32:19 Iron Casting
38:02 Fletching
danjo
11:12 Feudal Age
11:27 Loom
16:16 Castle Age
26:37 Fletching
Connection lost

Rejoining the realm…

Still unreachable

The connection could not be restored.

Session expired

The server has moved on; the page needs a fresh start.